 Dungeon Crawl Stone Soup version 0.19-a0-1920-g83281cb (webtiles) character file.

1076 Leibowitz the Cutter (level 7, 0/57 HPs)
             Began as a Demigod Gladiator on Oct 23, 2016.
             Slain by Edmund
             ... wielding a +3 dire flail of protection
              (7 damage)
             ... on level 6 of the Dungeon.
             The game lasted 00:14:22 (5368 turns).

Leibowitz the Cutter (Demigod Gladiator)            Turns: 5368, Time: 00:14:23

Health: 0/57       AC:  6    Str: 18 (20) XL:     7   Next: 80%
Magic:  9/9        EV: 14    Int: 12      God:
Gold:   230        SH:  0    Dex: 17 (18) Spells: 0 memorised, 6 levels left

rFire  . . .     SeeInvis .     a - +3 dagger (venom)
rCold  . . .     Gourm    .     b - +0 leather armour
rNeg   + . .     Faith    .     (no shield)
rPois  +         Spirit   .     c - +0 helmet
rElec  .         Reflect  .     x - +0 cloak
rCorr  .         Harm     .     (no gloves)
MR     .....                    y - +0 pair of boots
Stlth  +++.......               (no amulet)
                                w - ring of poison resistance
                                r - ring of positive energy

@: flying
A: high mp 1
a: no special abilities


You were on level 6 of the Dungeon.
You were not hungry.

You visited 2 branches of the dungeon, and saw 7 of its levels.

You collected 230 gold pieces.

Inventory:

Hand Weapons
 a - a +3 dagger of venom (weapon)
 p - a +0 rapier
Missiles
 u - 2 throwing nets (quivered)
Armour
 b - a +0 leather armour (worn)
 c - a +0 helmet (worn)
 x - a +0 cloak (worn)
 y - a +0 pair of boots (worn)
Jewellery
 r - a ring of positive energy (left hand)
 w - a ring of poison resistance (right hand)
Scrolls
 d - 3 scrolls of remove curse
 e - a scroll of magic mapping
 g - a scroll of identify
 l - 2 scrolls of fog
 A - 5 scrolls of teleportation
Potions
 i - a potion of curing
 j - a potion of might
 m - a potion of lignification
Comestibles
 f - 4 bread rations
 k - 3 chunks of flesh
 n - 6 fruits
 s - 2 meat rations
 v - a beef jerky


   Skills:
 + Level 3.2 Fighting
 + Level 5.8 Short Blades
 + Level 2.1 Throwing
 + Level 2.7 Armour
 + Level 4.0 Dodging
 * Level 4.5 Stealth


You had 6 spell levels left.
You didn't know any spells.

Dungeon Overview and Level Annotations

Branches:
Dungeon (6/15)             Temple (1/1) D:4

Shops:
D:4 :

Annotations:
D:6 Edmund


Innate Abilities, Weirdness & Mutations

You have an increased reservoir of magic. (+10% MP)


Message History

Edmund drinks a potion.
Edmund is healed!
Edmund hits you with a dire flail of protection.
You hit Edmund but do no damage.
Edmund looks as sick as possible!
Edmund is moderately wounded.
You hit Edmund but do no damage.
Edmund looks as sick as possible!
Edmund is moderately wounded.
Edmund hits you with a dire flail of protection.
You hit Edmund.
Edmund looks as sick as possible!
Edmund is heavily wounded.
You hit Edmund but do no damage.
Edmund is heavily wounded.
Edmund hits you with a dire flail of protection!
You closely miss Edmund.
Edmund is heavily wounded.
Edmund hits you with a dire flail of protection!
* * * LOW HITPOINT WARNING * * *
You hit Edmund but do no damage.
Edmund looks as sick as possible!
Edmund is heavily wounded.
Edmund hits you with a dire flail of protection!
You die...

***,,,* *,*
,,,,,*####.######
***,,*..........#
*,,*.###.####.# *,,*,* *,*
#.######## ***,,*,***,*
#.##.....### ,,,,,,,,,,,*
#..........# *##..#.*****
#..##...##.## ##....,,,,*
#.@#.....#..## .....#,#*.#
#..@.._......# #....#.##.#*
#..#.....#...#
.....#.#.#,**##..##...##...#
*.......##*,,.............##
*#.#.#.#.#,*######........#
#........,,,,* ####.#..##
##.>.#.##.***,* ##....##
)......#*,***,*####.....##


You could see Edmund.

Vanquished Creatures
  Grinder (D:3)
  A sky beast (D:5)
  The ghost of jehirs the Slasher, an amateur DsGl (D:4)
  A bullfrog (D:6)
  A hound (D:6)
  Crazy Yiuf (D:3)
  A jelly (D:5)
  4 orc wizards
  An orc priest (D:5)
  A centaur skeleton (D:2)
  Jessica (D:3)
  Terence (D:3)
  An iguana (D:5)
  4 worker ants
  A hound skeleton (D:5)
  4 adders
  8 gnolls
  2 oozes
  3 worms (D:2)
  A dart slug (D:1)
  A leopard gecko (D:1)
  9 orcs
  4 giant cockroaches
  8 hobgoblins
  8 jackals
  2 quokkas (D:2)
  4 ball pythons
  6 bats
  9 frilled lizards
  6 goblins
  6 kobolds
  A rat (D:1)
103 creatures vanquished.

Notes
Turn   | Place    | Note
-------+----------+-------------------------------------------
     0 | D:1      | Leibowitz the Demigod Gladiator began the quest for the Orb.
     0 | D:1      | Reached XP level 1. HP: 17/17 MP: 3/3
   358 | D:1      | Reached XP level 2. HP: 24/24 MP: 4/4
   417 | D:1      | Reached skill level 3 in Short Blades
   703 | D:1      | Reached skill level 1 in Stealth
  1002 | D:2      | Reached XP level 3. HP: 26/29 MP: 5/5
  1006 | D:2      | Found a shadowy altar of Dithmenos.
  1662 | D:2      | Reached XP level 4. HP: 30/36 MP: 6/6
  2141 | D:2      | Found a shimmering altar of Xom.
  2389 | D:3      | Reached skill level 1 in Armour
  2445 | D:3      | Noticed Grinder
  2460 | D:3      | Found a runed door.
  2464 | D:3      | Noticed Crazy Yiuf
  2473 | D:3      | Killed Crazy Yiuf
  2473 | D:3      | Reached skill level 4 in Short Blades
  2473 | D:3      | Reached XP level 5. HP: 41/41 MP: 7/7
  2513 | D:3      | Paralysed by Grinder for 2 turns
  2530 | D:3      | Killed Grinder
  2530 | D:3      | Reached XP level 6. HP: 15/50 MP: 8/8
  2808 | D:3      | Noticed Terence
  2823 | D:3      | Killed Terence
  2907 | D:3      | Noticed Jessica
  2908 | D:3      | Killed Jessica
  3062 | D:3      | Reached skill level 5 in Short Blades
  3295 | D:4      | Found Giobaoh's Book Boutique.
  3303 | D:4      | Noticed jehirs's ghost (amateur DsGl)
  3510 | D:4      | Found a staircase to the Ecumenical Temple.
  3619 | D:4      | Gained mutation: You are frail. (-10% HP) [potion of mutation]
  3619 | D:4      | Gained mutation: Scrolls take you a little longer to read. [potion of mutation]
  3619 | D:4      | Gained mutation: You are partially covered in icy blue scales. (AC +2) [potion of mutation]
  3644 | D:4      | Killed jehirs's ghost
  3644 | D:4      | Reached XP level 7. HP: 47/50 MP: 9/9
  3886 | Temple   | Entered the Ecumenical Temple
  3897 | D:5      | Entered Level 5 of the Dungeon
  4155 | D:5      | Found a deep blue altar of Sif Muna.
  4873 | D:5      | Found a blossoming altar of Fedhas.
  5207 | D:6      | Found a glowing silver altar of Zin.
  5209 | D:6      | Found a bloodstained altar of Trog.
  5248 | D:6      | Lost mutation: You are partially covered in icy blue scales. (AC +2) [potion of cure mutation]
  5248 | D:6      | Lost mutation: Scrolls take you a little longer to read. [potion of cure mutation]
  5248 | D:6      | Lost mutation: You are frail. (-10% HP) [potion of cure mutation]
  5297 | D:6      | Found an iron altar of Okawaru.
  5341 | D:6      | Noticed Edmund
  5368 | D:6      | Slain by Edmund

Vault maps used:
D:1:      nagdon_arrival_zigzag_paths
D:2:      old_standard_altar, tgw_xom, minmay_pentomino_r4
D:3:      first_bread, uniq_crazy_yiuf_cottage, uniq_terence, uniq_jessica,
          uniq_grinder
D:4:      serial_shops, nicolae_shop_crystal
D:5:      lemuel_coloured_pillars_altar, led_sif_pool, grunt_ministairs_9
D:6:      grunt_temple_overflow_open, serial_shops, kennysheep_mini_moat,
          okawaru_gym_becter, uniq_edmund
Temple:   cyrus_temple_forest

Skill      XL: |  1  2  3  4  5  6  7 |
---------------+----------------------+-----
Fighting       | 2 3 |  3.2
Short Blades   | 3 4 5 |  5.8
Stealth        | 1 2 3 4 |  4.5
Dodging        | 3 4 |  4.0
Armour         | 1 2 |  2.7
Throwing       | 2 |  2.1

Action                   |  1- 3 |  4- 6 |  7- 9 || total
-------------------------+-------+-------+-------++-------
Melee: Rapier            |   157 |    73 |       ||   230
       Dagger            |       |    95 |   110 ||   205
Throw: Throwing net      |     4 |     6 |       ||    10
  Use: Potion            |       |     4 |     5 ||     9
       Scroll            |       |       |     8 ||     8
 Stab: Sleeping          |     3 |     2 |     3 ||     8
       Held in net/web   |     1 |     1 |       ||     2
       Invisible         |       |     1 |       ||     1
  Eat: Chunk             |     3 |     6 |     6 ||    15
Armor: Leather armour    |    40 |    40 |    21 ||   101
Dodge: Dodged            |   112 |    93 |    30 ||   235
